 Dungeon Crawl Stone Soup version 0.27-a0-1278-g6cbc8dfb29 (webtiles) character file.

Game seed: 10747009060670100325

750 wakim the Cudgeller (level 7, -3/102 HPs)
             Began as a Troll Berserker on June 12, 2021.
             Was a Believer of Trog.
             Slain by a killer bee (5 damage)
             ... on level 4 of the Dungeon.
             The game lasted 00:10:32 (2589 turns).

wakim the Cudgeller (Troll Berserker)               Turns: 2589, Time: 00:10:33

Health: -3/102     AC: 27    Str: 26    XL:     7   Next: 48%
Magic:  6/6        EV:  1    Int:  5    God:    Trog [**....]
Gold:   174        SH:  0    Dex:  9    Spells: 6/6 levels left

rFire    . . .     SeeInvis .   a - +0 mace
rCold    . . .     Faith    .   (no shield)
rNeg     + + +     Spirit   .   (armour currently unavailable)
rPois    +         Reflect  .   (helmet currently unavailable)
rElec    .         Harm     .   (cloak currently unavailable)
rCorr    .         Rampage  .   (gloves unavailable)
Will     .....     NoTele   +   (boots unavailable)
Stlth    +.........             (no amulet)
HPRegen  1.27/turn              d - ring of positive energy
MPRegen  0.10/turn              j - +4 ring of protection

@: lethally poisoned (-3 -> -4), tree-form, on berserk cooldown, slowed, very
slow
A: stationary, stasis, torment immunity, boosted hp, large, unfitting armour,
(claws 3), regeneration 1, (shaggy fur 1), (tough skin 1)
a: Renounce Religion, Berserk, Trog's Hand


You were on level 4 of the Dungeon.
You worshipped Trog.
Trog was pleased with you.
You were a tree.
You visited 1 branch of the dungeon, and saw 4 of its levels.

You collected 174 gold pieces.

Inventory:

Hand Weapons
 a - a +0 mace (weapon)
 b - a +0 giant spiked club of flaming
Missiles
 e - 7 boomerangs (quivered)
Armour
 i - a +1 robe (melded)
Jewellery
 d - a ring of positive energy (left branch)
 j - a +4 ring of protection (right branch)
Scrolls
 r - a scroll of identify
 T - a scroll of teleportation
 X - a scroll of fog
Potions
 c - a potion of heal wounds {unknown}
 g - a potion of curing {unknown}
 h - a potion of attraction {unknown}
 l - a potion of haste {unknown}
 C - a potion of berserk rage {!q}


   Skills:
 + Level 3.6 Fighting
 * Level 5.2 Maces & Flails
 + Level 2.7 Throwing
 * Level 4.6 Dodging


You had 6 spell levels left.
You didn't know any spells.
Your spell library was empty.

Dungeon Overview and Level Annotations

Branches:
Dungeon (4/15)
 Temple: D:4-7

Altars:

Shops:
D:3 =


Innate Abilities, Weirdness & Mutations

You are a tree.
Your roots penetrate the ground, keeping you stationary.
You cannot be teleported.
You are immune to unholy pain and torment.
Your maximum health is greatly increased.
Your equipment is partially melded.
You are too large for most types of armour.
((You have claws for hands.))
Your natural rate of healing is unusually fast.
((You are covered in fur. (AC +1)))
((You have tough skin. (AC +1)))


Message History

* * * LOW HITPOINT WARNING * * *
You barely miss the killer bee. The killer bee stings you.
* * * LOW HITPOINT WARNING * * *
The killer bee closely misses you. The killer bee stings you.
* * * LOW HITPOINT WARNING * * *
You are poisoned.
The killer bee poisons you!
You miss the killer bee.
You feel very sick. The killer bee closely misses you.
The killer bee stings you but does no damage.
The killer bee barely misses you. The killer bee stings you.
* * * LOW HITPOINT WARNING * * *
Really quaff
L - a potion of lignification {!q}?
Really quaff the potion of lignification?
You turn into a tree.
Your +1 robe melds into your body.
Your roots penetrate the ground.
You feel sick. The killer bee stings you.
* * * LOW HITPOINT WARNING * * *
The killer bee stings you but does no damage. x2
You thump the killer bee!
The killer bee is heavily wounded.
You feel sick. The killer bee stings you.
* * * LOW HITPOINT WARNING * * *
The killer bee stings you but does no damage. x2
You closely miss the killer bee.
The killer bee is heavily wounded.
You feel sick.
You are no longer poisoned.
The killer bee stings you but does no damage. x3
The killer bee stings you.
* * * LOW HITPOINT WARNING * * *
You are poisoned.
The killer bee poisons you!
You barely miss the killer bee.
The killer bee is heavily wounded.
* * * LOW HITPOINT WARNING * * *
You feel very sick.
The killer bee stings you but does no damage.
The killer bee stings you.
You die...

####. ##.#.# .....
#....# ..#
#......#.## ..####
#..#####..# ......
## #..# ..### .. #.
######..# #.# #.
#.###......## ..# #.
#......y##.# ..# #.
##.....♣..#.# .)##
#.##......)....#
...###
..#...........#
#....#
#.#...........#
###..#
#<#...........#
#..###.............#
#........†.......#.#
#................#.#
####......†........#


You could see a killer bee.

Vanquished Creatures
  Sigmund (D:2)
  A sky beast (D:4)
  An ogre (D:4)
  A phantom (D:4)
  5 killer bees
  An iguana (D:3)
  2 adders
  4 worms
  2 dart slugs (D:2)
  2 orcs (D:3)
  4 endoplasms
  4 giant cockroaches
  4 goblins
  8 hobgoblins
  9 jackals
  4 ball pythons
  5 bats
  2 frilled lizards
  6 kobolds
  4 rats
70 creatures vanquished.

Notes
Turn   | Place    | Note
-------+----------+-------------------------------------------
     0 | D:1      | wakim the Troll Berserker began the quest for the Orb.
     0 | D:1      | Reached XP level 1. HP: 22/22 MP: 0/0
   233 | D:1      | Reached skill level 3 in Maces & Flails
   233 | D:1      | Reached XP level 2. HP: 26/29 MP: 1/1
   861 | D:2      | Reached XP level 3. HP: 32/36 MP: 2/2
   994 | D:2      | Noticed Sigmund
  1015 | D:2      | Killed Sigmund
  1015 | D:2      | Reached ** piety under Trog
  1016 | D:2      | Reached skill level 4 in Maces & Flails
  1016 | D:2      | Reached skill level 1 in Throwing
  1016 | D:2      | Reached XP level 4. HP: 26/45 MP: 3/3
  1016 | D:2      | Reached XP level 5. HP: 30/53 MP: 4/4
  1341 | D:2      | Found a faded altar of an unknown god.
  1716 | D:3      | Found Ettusi's Jewellery Shop.
  2134 | D:3      | Reached XP level 6. HP: 26/61 MP: 5/5
  2225 | D:4      | Noticed a sky beast
  2240 | D:4      | Killed a sky beast
  2425 | D:3      | Reached XP level 7. HP: 42/67 MP: 6/6
  2443 | D:4      | Reached skill level 5 in Maces & Flails
  2585 | D:4      | HP: 3/68 [killer bee (6)]
  2589 | D:4      | Slain by a killer bee

Illustrated notes

Levels and vault maps discovered:
D:1:      lordsloth_arrival_two_stooges, layout_basic
D:2:      kennysheep_big_flooded_room, layout_loops_ring,
          basic_ecumenical_altar, uniq_sigmund
D:3:      layout_loops_ring, serial_shops, nicolae_shop_trees
D:4:      layout_rooms, grunt_ministairs_15, minmay_splitting_lines,
          kennysheep_cross_bottleneck

Skill      XL: |  1  2  3  4  5  6  7 |
---------------+----------------------+-----
Maces & Flails | 3 4 5 |  5.2
Fighting       | 3 |  3.6
Throwing       | 1 2 |  2.7
Dodging        | 3 4 |  4.6

Action                   |  1- 3 |  4- 6 |  7- 9 || total
-------------------------+-------+-------+-------++-------
Melee: Mace              |   107 |   146 |    17 ||   270
       Giant spiked club |       |       |    35 ||    35
Throw: Boomerang         |     1 |       |       ||     1
Invok: Berserk           |     1 |     3 |     2 ||     6
       Trog's Hand       |       |     3 |       ||     3
  Use: Scroll            |       |     6 |     1 ||     7
       Potion            |       |       |     1 ||     1
 Stab: Sleeping          |       |     1 |       ||     1
Armor: Animal skin       |    70 |       |       ||    70
       Robe              |       |    63 |    29 ||    92
       Skin              |       |       |     8 ||     8
Dodge: Dodged            |   103 |    94 |    52 ||   249

Table legend: (Time is in decaauts)
 A = Elapsed time spent in this place.
 B = Non-inter-level travel time spent in this place.
 C = Inter-level travel time spent in this place.
 D = Time resting spent in this place.
 E = Time spent auto-exploring this place.
 F = Levels seen in this place.
 G = Mean time per level.
                   A        B        C        D        E       F      G
               +--------+--------+--------+--------+--------+-----+--------+
         Total |   2698 |   2503 |    195 |    148 |   1682 |   4 |  674.5 |
       Dungeon |   2698 |   2503 |    195 |    148 |   1682 |   4 |  674.5 |
               +--------+--------+--------+--------+--------+-----+--------+

Top non-repeatable levels by time:
     D:3: 901 daAuts
     D:2: 773 daAuts
     D:1: 714 daAuts
     D:4: 310 daAuts
